 Dungeon Crawl Stone Soup version 0.30.1-4-g462c640d31 (webtiles) character file.

Game seed: 1521686293094439231

138071 Gabide the Fencer (level 16, 0/95 HPs)
             Began as a Spriggan Artificer on Aug 23, 2023.
             Was an Initiate of Gozag.
             Succumbed to a merfolk impaler's poison
             ... on level 3 of the Shoals on Aug 24, 2023.
             The game lasted 01:43:35 (35908 turns).

Gabide the Fencer (Spriggan Artificer)             Turns: 35908, Time: 01:43:36

Health: 0/95       AC:  6    Str:  3    XL:     16   Next: 70%
Magic:  3/26       EV: 32    Int: 13    God:    Gozag
Gold:   2946       SH:  0    Dex: 23    Spells: 15/15 levels left

rFire   . . .        a - +6 double sword (spect)
rCold   + . .        (shield currently unavailable)
rNeg    . . .        U - +2 robe of Agoraphobia {Fly rC+ rCorr Str-5}
rPois   .            x - +2 hat {SInv}
rElec   .            t - scarf of Quiet Fog {repulsion, Stlth+}
rCorr   +            (gloves unavailable)
SInv    +            (boots unavailable)
Will    +++..        y - amulet of guardian spirit
Stlth   ++++         B - ring of magical power
HPRegen 0.35/turn    K - ring of willpower
MPRegen 0.20/turn

%: repel missiles, guardian spirit
@: lethally poisoned (0 -> -53), flying, very quick
A: very small, no large weapons, unfitting armour, see invisible, speed 3
a: Renounce Religion, Potion Petition, Call Merchant, Bribe Branch


You were on level 3 of the Shoals.
You worshipped Gozag.
Gozag was most pleased with you.
You visited 5 branches of the dungeon, and saw 26 of its levels.
You visited the Abyss 1 time.
You also visited: Gauntlet and Ice Cave.

You collected 7987 gold pieces.
You spent 1640 gold pieces at shops.
You paid 3401 gold pieces to Gozag.

Inventory:

Hand Weapons
 a - a +6 spectral double sword (weapon)
 b - a +0 arbalest
Missiles
 d - 6 curare-tipped darts
 A - 6 throwing nets
Armour
 f - +4 steam dragon scales
 t - the scarf of Quiet Fog (worn) {repulsion, Stlth+}
   (You acquired it on level 5 of the Dungeon)

   Stlth:     It makes you more stealthy.
 x - a +2 hat of see invisible (worn)
 L - the +0 cloak "Lyssohakh" {Will+}
   (You found it on level 11 of the Dungeon)

   Will:      It increases your willpower.
 U - the +2 robe of Agoraphobia (worn) {Fly rC+ rCorr Str-5}
   (You bought it in a shop on level 14 of the Dungeon)

   Str:       It affects your strength (-5).
   rC:        It protects you from cold.
   Fly:       It grants you flight.
   rCorr:     It protects you from acid and corrosion.
Jewellery
 m - a ring of protection from fire
 o - a ring of flight
 y - an amulet of guardian spirit (around neck)
 B - a ring of magical power (left hand)
 D - a ring of magical power
 E - a ring of resist corrosion
 K - a ring of willpower (right hand)
 Q - a +6 ring of dexterity
 Z - a ring of poison resistance
Wands
 e - a wand of roots (10)
 g - a wand of acid (5)
 G - a wand of polymorph (24)
 T - a wand of mindburst (5)
 X - a wand of paralysis (17)
 Y - a wand of flame (20) (quivered)
Scrolls
 c - 2 scrolls of magic mapping
 j - 2 scrolls of fear
 n - a scroll of silence
 v - a scroll of poison
 z - 7 scrolls of fog
 F - 5 scrolls of immolation
 H - 9 scrolls of teleportation
 O - 4 scrolls of identify
 R - a scroll of blinking
Potions
 h - 9 potions of mutation
 i - 4 potions of cancellation
 k - 15 potions of curing
 l - 10 potions of attraction
 p - a potion of ambrosia
 q - 2 potions of resistance
 r - 8 potions of might
 s - a potion of flight
 u - 3 potions of heal wounds
 w - 6 potions of lignification
 N - 4 potions of magic
 P - 3 potions of haste
 W - a potion of invisibility
Miscellaneous
 C - a phial of floods
 I - a box of beasts
 J - a tin of tremorstones (2/2)
 M - a piece from Xom's chessboard (15/15)
 S - a lightning rod (4/4)
 V - a phantom mirror


   Skills:
 - Level 15.0 Fighting
 - Level 3.0(14.1) Short Blades
 + Level 16.5(16.6) Long Blades
 - Level 15.0 Dodging
 - Level 3.0 Stealth
 - Level 15.0 Evocations


You had 15 spell levels left.
You didn't know any spells.
Your spell library contained the following spells:

 Spells                   Type           Power      Damage    Failure   Level
 Apportation              Tloc           0%         N/A       30%         1
 Beastly Appendage        Tmut           0%         N/A       30%         1
 Necrotise                Necr           0%         1d4       30%         1
 Sandblast                Erth           0%         2d4       30%         1
 Summon Small Mammal      Summ           0%         N/A       30%         1
 Cigotuvi's Dreadful Rot  Necr/Pois/Air  0%         N/A       43%         2
 Ensorcelled Hibernation  Hex/Ice        0%         N/A       43%         2
 Passwall                 Tmut/Erth      0%         N/A       43%         2
 Wereblood                Tmut           0%         N/A       43%         2
 Call Canine Familiar     Summ           0%         N/A       67%         3
 Portal Projectile        Hex/Tloc       0%         N/A       67%         3
 Spider Form              Tmut/Pois      0%         N/A       67%         3
 Swiftness                Air            0%         N/A       67%         3
 Vampiric Draining        Necr           0%         2d6       67%         3
 Anguish                  Hex/Necr       0%         N/A       97%         4
 Cause Fear               Hex            0%         N/A       97%         4
 Leda's Liquefaction      Hex/Erth       0%         N/A       97%         4
 Agony                    Necr           0%         N/A       100%        5
 Lee's Rapid Deconstruct  Erth           0%         3d4*      100%        5
 Iron Shot                Conj/Erth      0%         9d1       100%        6
 Statue Form              Tmut/Erth      0%         N/A       100%        6
 Enfeeble                 Hex            0%         N/A       100%        7


Dungeon Overview and Level Annotations

Branches:
Dungeon (15/15)            Temple (1/1) D:5            Lair (5/5) D:11
 Shoals (2/4) Lair:3        Snake (0/4) Lair:2        Slime (0/5) Lair:5
    Orc (2/2) D:11            Elf (0/3) Orc:2        Vaults (0/5) D:14
 Depths (0/4) D:15          IceCv (visited)         Gauntlet (visited)

Altars:
Ashenzari
Cheibriados
Dithmenos
Elyvilon
Fedhas
Gozag
Hepliaklqana
Kikubaaqudgha
Makhleb
Nemelex Xobeh
Okawaru
Qazlal
Ru
Sif Muna
Trog
Uskayaw
Vehumet
Wu Jian
Xom
Yredelemnul
Zin
The Shining One
Jiyva

Shops:
D:14 ([!   D:15 *   Orc:2 ([*(

Portals:
Abyss: Lair:4

Annotations:
D:8 exclusion: ice statue
D:9 exclusion: obsidian statue
Lair:3 3 runed translucent doors, Tali's ghost, journeyman DsCK; Yjeari's ghost, journeyman GrMo
Lair:4 Nubia's ghost, journeyman GnEn
Shoals:2 Mlioglotl


Innate Abilities, Weirdness & Mutations

You are very small and have problems with some larger weapons.
You are too small for most types of armour.
You have supernaturally acute eyesight. (SInv)
You cover ground extremely quickly. (Speed+++)


Message History

The merfolk shouts!
You slice the merfolk!!
The merfolk is moderately wounded.
Your +6 spectral double sword hits the merfolk!
The merfolk impaler completely misses you.
The merfolk completely misses you.
The merfolk siren chants a haunting song.
You resist with almost no effort.
You slice the merfolk!!
The merfolk is almost dead.
Your +6 spectral double sword hits the merfolk.
The merfolk throws a throwing net.
The throwing net hits you.
You become entangled in the net!
You hear a splash.
The merfolk hits you with a +0 halberd!
The merfolk impaler hits you from afar with a +1 demon trident of venom!!
You are poisoned.
The merfolk siren chants a haunting song.
You resist with almost no effort.
The merfolk hits you from afar with a +0 halberd!!
You are held in a net!
You struggle against the net.
Your +6 spectral double sword disappears.
You feel sick.
The merfolk impaler hits you from afar with a +1 demon trident of venom!
You are more poisoned.
The merfolk hits you but does no damage.
The merfolk barely misses you.
The merfolk impaler hits you from afar with a +1 demon trident of venom!!
* * * LOW HITPOINT WARNING * * *
You are more poisoned.
The merfolk siren chants a haunting song.
You resist with almost no effort.
The merfolk hits you from afar with a +0 halberd!
* * * LOW HITPOINT WARNING * * *
Blink to where?
Press: ? - help, Dir - move target
As you read the scroll of blinking, it crumbles to dust.
You die...
Your body crumbles into a pile of gold.

≈~~≈≈≈≈≈≈~m~~~≈≈≈≈
~~~~≈≈≈≈≈≈mm~~~≈≈≈
~~~~≈≈≈≈~~m~~~~~≈≈
~~~≈≈≈~~~~§~m~~~≈≈≈≈≈≈
~~~≈≈~~~~~~~~~~~≈≈≈≈≈≈
~~≈≈≈~~~.....~~~~≈≈≈≈≈
~≈≈≈≈~~..###..~~~~≈≈≈≈
~≈≈≈≈~~.## #.~~~~≈≈≈≈
~≈≈≈~~~@#####~~~~~~≈≈≈
≈≈≈≈≈~...##..~~~~~≈≈≈≈
≈≈≈≈≈~~..#.....~~~≈≈≈≈
≈≈≈≈≈≈~~.......~~≈≈≈≈≈
≈≈≈≈≈≈~~~~...~~~≈≈≈≈≈≈
≈≈≈≈≈≈≈P~~~~~~~~≈≈≈≈≈≈
≈≈≈≈≈≈≈~~~~~~~~~≈≈≈≈≈≈
≈≈≈≈≈≈≈≈≈~~~~~≈≈≈≈≈≈≈≈
≈≈≈≈≈≈≈≈≈≈≈≈≈≈≈≈≈≈≈≈≈≈


You could see a merfolk impaler and 2 merfolk.

Vanquished Creatures
  A sphinx (D:13)
  Kirke (Shoals:1)
  An orc warlord (Orc:1)
  A stone giant (D:15)
  Nessos (Orc:2)
  A minotaur (Gauntlet)
  The ghost of porada001 the Severer, a journeyman HOBe of Trog (Orc:1)
  A great orb of eyes (D:14)
  5 hydras
  4 ogre magi
  An ice dragon (D:13)
  A catoblepas (Lair:2)
  Erolcha (D:13)
  5 boulder beetles
  9 centaur warriors
  An alligator snapping turtle (Shoals:2)
  4 two-headed ogres
  3 hell hogs (Abyss:3)
  6 tengu warriors
  4 orc high priests
  8 death yaks
  6 thrashing horrors (Abyss:3)
  A deep elf knight (D:14)
  2 skeletal warriors
  4 skysharks
  2 fire crabs
  7 sea snakes (Shoals:1)
  A flayed ghost (Abyss:3)
  A wizard (D:15)
  A deep elf zephyrmancer (D:14)
  3 orc sorcerers
  2 deep elf pyromancers
  8 harpies (Shoals:1)
  A necromancer (IceCv)
  11 orc knights
  7 cyclopes
  A wolf spider (Lair:5)
  10 ugly things
  2 fauns
  2 merfolk sirens
  A guardian serpent (Lair:5)
  10 manticores
  An ice statue (IceCv)
  A black mamba (shapeshifter) (D:13)
  8 elephants
  A smoke demon (Abyss:3)
  A water nymph (Shoals:2)
  6 black mambas
  13 cane toads
  A torpor snail (Lair:4)
  A gargoyle (D:12)
  An unseen horror (D:11)
  Maggie (Lair:2)
  A kobold demonologist (D:11)
  6 rime drakes
  5 freezing wraiths
  6 komodo dragons
  2 ancient zymes (Abyss:3)
  9 ice devils (IceCv)
  4 yaktaurs
  An anaconda simulacrum (IceCv)
  9 trolls
  A polar bear (Lair:5)
  7 merfolk
  5 hornets
  The ghost of Sensen the Digger, an amateur DgEE (D:5)
  2 wind drakes
  6 dream sheep (Lair:5)
  25 blink frogs
  A large abomination (Gauntlet)
  A snapping turtle (Shoals:1)
  5 slime creatures (D:12)
  2 centaur simulacra (D:11)
  38 yaks
  7 flying skulls (Gauntlet)
  4 dire elephant simulacra (IceCv)
  3 wraiths
  2 vampires
  A water elemental (Shoals:1)
  7 wyverns
  3 basilisks
  2 neqoxecs
  9 fire bats
  3 redbacks (Lair:5)
  3 hogs (Shoals:1)
  6 death yak simulacra (IceCv)
  Grum (D:9)
  A steam dragon (Lair:2)
  13 vampire mosquitoes
  Edmund (D:4)
  4 wargs
  Menkaure (D:4)
  A harpy simulacrum (IceCv)
  3 nagas (Lair:2)
  5 acid dragons
  29 water moccasins
  3 hydra simulacra (IceCv)
  A floating eye (D:14)
  A hell hound (Gauntlet)
  18 orc warriors
  A sky beast (D:6)
  A black bear (Lair:2)
  6 ogres
  29 wolves
  13 centaurs
  8 small abominations
  2 kobold brigands
  6 gnoll sergeants
  11 bullfrogs
  4 cane toad simulacra (IceCv)
  3 scorpions
  A two-headed ogre simulacrum (IceCv)
  10 wights
  2 elephant simulacra (IceCv)
  8 killer bees
  9 howler monkeys
  4 hounds
  14 jellies
  A gnoll bouda (D:5)
  11 orc priests
  3 iguanas
  11 orc wizards
  2 sleepcaps
  A troll simulacrum (IceCv)
  2 polar bear simulacra (IceCv)
  6 wolf simulacra (IceCv)
  A spriggan simulacrum (IceCv)
  A mummy (D:8)
  20 gnolls
  7 adders
  2 naga simulacra (IceCv)
  A shadow imp (D:7)
  14 white imps
  2 ufetubi
  3 dart slugs
  54 orcs
  9 ball pythons
  5 bats
  9 endoplasms
  6 giant cockroaches
  8 goblins
  8 hobgoblins
  4 jackals
  2 quokkas
  2 frilled lizards
  2 hobgoblin zombies (D:8)
  14 kobolds
  2 kobold zombies (D:8)
  8 rats
800 creatures vanquished.

Vanquished Creatures (collateral kills)
  3 thrashing horrors (Abyss:3)
  An orc sorcerer (Orc:2)
  A manticore (D:11)
  A tengu conjurer (D:11)
  An orc warrior (Orc:2)
  An orc (Orc:2)
8 creatures vanquished.

Vanquished Creatures (others)
  A hell hog (Abyss:3)
  A thrashing horror (Abyss:3)
  An ugly thing (D:11)
  A worldbinder (Lair:4)
  A hornet (D:11)
  An orc warrior (Orc:2)
  5 spectral weapons
11 creatures vanquished.

Grand Total: 819 creatures vanquished

Notes
Turn   | Place    | Note
-------+----------+-------------------------------------------
     0 | D:1      | Gabide the Spriggan Artificer began the quest for the Orb.
     0 | D:1      | Reached XP level 1. HP: 9/9 MP: 2/2
    62 | D:1      | Reached skill level 1 in Fighting
    62 | D:1      | Reached XP level 2. HP: 9/14 MP: 3/3
   416 | D:1      | Identified a scroll of acquirement
   416 | D:1      | Acquired a +2 double sword of draining
   451 | D:1      | Reached skill level 1 in Short Blades
   546 | D:1      | Reached XP level 3. HP: 18/18 MP: 4/4
  1380 | D:2      | Reached XP level 4. HP: 16/22 MP: 5/5
  2394 | D:3      | Found a sacrificial altar of Ru.
  2545 | D:4      | Noticed a scorpion
  2549 | D:4      | Reached skill level 5 in Evocations
  2555 | D:4      | Killed a scorpion
  2568 | D:4      | Reached XP level 5. HP: 20/26 MP: 6/6
  2664 | D:4      | Noticed Menkaure
  2668 | D:4      | Killed Menkaure
  2669 | D:4      | Reached skill level 5 in Dodging
  2669 | D:4      | Reached XP level 6. HP: 31/31 MP: 7/7
  2898 | D:4      | Found a sparkling altar of Nemelex Xobeh.
  2898 | D:4      | Noticed Edmund
  2917 | D:4      | Killed Edmund
  3447 | D:5      | Entered Level 5 of the Dungeon
  3447 | D:5      | Found a staircase to the Ecumenical Temple.
  3455 | D:5      | Reached skill level 1 in Long Blades
  3455 | D:5      | Reached XP level 7. HP: 35/36 MP: 8/8
  3463 | Temple   | Entered the Ecumenical Temple
  3727 | D:5      | Found a runed translucent door.
  3728 | D:5      | Noticed Sensen's ghost (amateur DgEE)
  3754 | D:5      | Identified the +4 spear of Corruption {spect, *Rage Fly
                  | Str+5}
  3756 | D:5      | Acquired the scarf of Quiet Fog {repulsion, Stlth+}
  4188 | D:5      | Reached skill level 2 in Long Blades
  4641 | D:5      | Killed Sensen's ghost
  5183 | D:6      | Reached skill level 5 in Fighting
  5183 | D:6      | Reached XP level 8. HP: 43/43 MP: 9/9
  5603 | D:6      | Reached skill level 3 in Long Blades
  6070 | D:7      | Reached skill level 4 in Long Blades
  6319 | D:7      | Reached skill level 5 in Long Blades
  6491 | D:7      | Reached XP level 9. HP: 44/48 MP: 8/10
  6661 | D:7      | Found a hide-covered altar of Uskayaw.
  7217 | D:8      | Noticed an ice statue
  7540 | D:8      | Reached skill level 6 in Long Blades
  8133 | D:8      | Found an opulent altar of Gozag.
  8141 | D:8      | Became a worshipper of Gozag Ym Sagoz the Greedy
  8642 | D:9      | Noticed Grum
  8676 | D:9      | Reached XP level 10. HP: 51/53 MP: 11/11
  8701 | D:9      | Killed Grum
  8889 | D:9      | Noticed an obsidian statue
  9118 | D:9      | Reached skill level 7 in Long Blades
  9584 | D:10     | Entered Level 10 of the Dungeon
 10089 | D:10     | Reached skill level 8 in Long Blades
 10368 | D:9      | Reached XP level 11. HP: 32/60 MP: 12/12
 10504 | D:10     | Noticed a cyan ugly thing
 10511 | D:10     | Killed a cyan ugly thing
 10741 | D:10     | Noticed a two-headed ogre
 10927 | D:9      | Killed a two-headed ogre
 11099 | D:11     | Found a staircase to the Orcish Mines.
 11131 | D:11     | Noticed a white ugly thing
 11287 | D:11     | Noticed a two-headed ogre
 11345 | D:11     | Killed a two-headed ogre
 11404 | D:11     | Reached skill level 10 in Evocations
 11977 | D:11     | Found a staircase to the Lair.
 12074 | D:11     | Killed a white ugly thing
 12241 | D:11     | Noticed a tengu warrior
 12250 | D:11     | Killed a tengu warrior
 12251 | D:11     | Reached skill level 9 in Long Blades
 12378 | D:11     | Noticed a two-headed ogre
 12441 | D:11     | Reached skill level 10 in Dodging
 12657 | D:11     | Killed a two-headed ogre
 12658 | D:11     | Reached XP level 12. HP: 30/67 MP: 13/13
 12973 | D:11     | Noticed a tengu warrior
 12988 | D:11     | Killed a tengu warrior
 12993 | D:11     | Noticed a boulder beetle
 13419 | D:11     | Killed a boulder beetle
 13420 | D:11     | Reached skill level 10 in Fighting
 13842 | D:11     | Identified the +12 mace of Sudden Death {vamp, rC+ Will+
                  | Str+3}
 13844 | D:11     | Identified the +0 cloak "Lyssohakh" {Will+}
 14023 | Lair:1   | Entered Level 1 of the Lair of Beasts
 14229 | Lair:1   | Reached skill level 10 in Long Blades
 14668 | Lair:1   | Noticed a boulder beetle
 14693 | Lair:1   | Killed a boulder beetle
 15161 | Lair:1   | Noticed a death yak
 15182 | Lair:1   | Killed a death yak
 15275 | Lair:1   | Noticed a death yak
 15277 | Lair:1   | Noticed a death yak
 15293 | Lair:1   | Killed a death yak
 15306 | Lair:1   | Killed a death yak
 15307 | Lair:1   | Reached XP level 13. HP: 63/74 MP: 14/14
 16283 | Lair:2   | Reached skill level 11 in Long Blades
 16766 | Lair:2   | Noticed Maggie
 16783 | Lair:2   | Killed Maggie
 17018 | Lair:2   | Found a staircase to the Snake Pit.
 17421 | Lair:2   | Got the Quarto of Aerial Breccia
 17855 | Lair:3   | Found a bloodstained altar of Trog.
 18133 | Lair:3   | You fall into a shaft and drop 2 floors!
 18133 | Lair:5   | Entered Level 5 of the Lair of Beasts
 18248 | Lair:4   | Found a one-way gate to the infinite horrors of the Abyss.
 18248 | Lair:4   | Noticed Nubia's ghost (journeyman GnEn)
 18867 | Lair:4   | Found a transporter.
 19048 | Lair:3   | Found a staircase to the Shoals.
 19264 | Lair:3   | Found a runed translucent gate.
 19264 | Lair:3   | Found a runed translucent gate.
 19264 | Lair:3   | Found a runed translucent gate.
 19856 | Lair:3   | Noticed Tali's ghost (journeyman DsCK)
 19857 | Lair:3   | Noticed Yjeari's ghost (journeyman GrMo)
 20542 | Lair:4   | Found a transporter.
 21321 | Lair:5   | Reached skill level 15 in Evocations
 21333 | Lair:5   | Reached XP level 14. HP: 67/80 MP: 15/15
 21419 | Lair:4   | Reached skill level 12 in Long Blades
 21716 | Lair:5   | Paralysed by a hornet for 2 turns
 22962 | Abyss:3  | Cast into level 3 of the Abyss (spriggan rider)
 23359 | Abyss:3  | HP: 4/81 [blink frog (10)]
 23471 | Lair:4   | Escaped the Abyss
 23956 | Lair:5   | Found a staircase to the Slime Pits.
 24111 | Lair:5   | Found a viscous altar of Jiyva.
 24724 | D:12     | Reached skill level 13 in Long Blades
 24744 | D:12     | Found a gate leading to a gauntlet.
 24753 | Gauntlet | Entered a Gauntlet
 24753 | Gauntlet | Found a transporter.
 24753 | Gauntlet | Found a transporter.
 24759 | Gauntlet | Found a transporter.
 24771 | Gauntlet | Found a transporter.
 24789 | Gauntlet | Found a transporter.
 24789 | Gauntlet | Found a transporter.
 24789 | Gauntlet | Found a transporter.
 24791 | Gauntlet | Found a transporter.
 24792 | Gauntlet | Found a transporter.
 24804 | Gauntlet | Found a transporter.
 24819 | Gauntlet | Found a transporter.
 24828 | Gauntlet | Found a transporter.
 24834 | Gauntlet | Found a transporter.
 24837 | Gauntlet | Found a runed translucent door.
 24867 | Gauntlet | Found a transporter.
 25185 | Gauntlet | Identified the amulet "Arisah" {Acrobat Str+3}
 25226 | Gauntlet | Reached XP level 15. HP: 86/86 MP: 16/16
 26128 | D:13     | Noticed Erolcha
 26138 | D:13     | Killed Erolcha
 26450 | D:13     | Reached skill level 15 in Dodging
 26729 | D:13     | Noticed a sphinx
 26742 | D:13     | Killed a sphinx
 27283 | D:13     | Identified the +1 glaive of the Blessed Realm {holy, rPois
                  | Int+6 Dex-5}
 28093 | D:14     | Found a gate to the Vaults.
 28202 | D:14     | Found Fiqis's Distillery.
 28208 | D:14     | Bought a potion of curing for 48 gold pieces
 28208 | D:14     | Bought 2 potions of might for 128 gold pieces
 28208 | D:14     | Bought a potion of might for 64 gold pieces
 28208 | D:14     | Bought a potion of might for 64 gold pieces
 28208 | D:14     | Bought a potion of curing for 48 gold pieces
 28208 | D:14     | Bought a potion of curing for 48 gold pieces
 28612 | D:14     | Paralysed by a hornet for 2 turns
 28619 | D:14     | Reached skill level 14 in Long Blades
 29173 | D:15     | Entered Level 15 of the Dungeon
 29640 | D:15     | Found a blossoming altar of Fedhas.
 30403 | D:15     | Found a staircase to the Depths.
 30539 | D:15     | Bought a wand of paralysis (3) for 100 gold pieces
 30539 | D:15     | Bought a wand of acid (3) for 176 gold pieces
 30539 | D:15     | Bought a scroll of blinking for 105 gold pieces
 30539 | D:15     | Bought a wand of mindburst (5) for 98 gold pieces
 30539 | D:15     | Bought a scroll of enchant armour for 105 gold pieces
 30546 | D:14     | Bought a creamy pearl robe for 233 gold pieces
 30546 | D:14     | Identified the +2 robe of Agoraphobia {Fly rC+ rCorr Str-5}
                  | (You bought it in a shop on level 14 of the Dungeon)
 30562 | D:14     | Bought a throwing net for 45 gold pieces
 30649 | Orc:1    | Entered Level 1 of the Orcish Mines
 30809 | Orc:1    | Found a frozen archway.
 30865 | IceCv    | Entered an ice cave
 30909 | IceCv    | Reached XP level 16. HP: 92/93 MP: 17/17
 30948 | IceCv    | Found an ancient bone altar of Kikubaaqudgha.
 31587 | Orc:1    | You fall into a shaft and drop 1 floor!
 31587 | Orc:2    | Entered Level 2 of the Orcish Mines
 31761 | Orc:2    | Found a staircase to the Elven Halls.
 31899 | Orc:1    | Found a runed translucent gate.
 31900 | Orc:1    | Noticed porada001's ghost (journeyman HOBe)
 31901 | Orc:1    | Found a runed translucent gate.
 31906 | Orc:1    | Found a runed translucent gate.
 32186 | Orc:1    | Reached skill level 15 in Fighting
 32191 | Orc:1    | Reached skill level 15 in Long Blades
 32351 | Orc:1    | Killed porada001's ghost
 32522 | Orc:2    | Noticed Nessos
 32545 | Orc:2    | Killed Nessos
 33680 | Orc:2    | Found Dunea's Antique Weapon Boutique.
 33680 | Orc:2    | Found Lutoseit's Weapon Emporium.
 33684 | Orc:2    | Found Pufizeyt's Antique Armour Boutique.
 33684 | Orc:2    | Found Uffyiplys's General Store.
 33894 | Orc:2    | Bought a scroll of enchant armour for 75 gold pieces
 33894 | Orc:2    | Bought a wand of paralysis (7) for 168 gold pieces
 33894 | Orc:2    | Bought a scroll of silence for 95 gold pieces
 33894 | Orc:2    | Bought a scroll of fog for 40 gold pieces
 34118 | Shoals:1 | Entered Level 1 of the Shoals
 34766 | Shoals:1 | Noticed Kirke
 34769 | Shoals:1 | Reached skill level 16 in Long Blades
 34786 | Shoals:1 | Killed Kirke
 35890 | Shoals:2 | Noticed Mlioglotl
 35890 | Shoals:2 | You are sucked into a shaft and drop 1 floor!
 35908 | Shoals:3 | Succumbed to a merfolk impaler's poison

Illustrated notes

Levels and vault maps discovered:
D:1:      onia_arrival_handbag, layout_rooms, nicolae_hexahallways
D:2:      layout_loops_ring, serial_bayou, serial_bayou_pond_e,
          serial_bayou_ford_a, serial_bayou_pond_e, serial_bayou_shore_a,
          serial_bayou_crossing, serial_bayou_pond_e
D:3:      layout_basic, nicolae_ru_sacrificial_ziggurat, st_stairs_3,
          nicolae_underground_beach
D:4:      cheibrodos_quashed, layout_loops_cross,
          nicolae_overflow_crystal_walls, uniq_menkaure, uniq_edmund
D:5:      layout_gridville, temple_statues, ebering_ghost_reflecting_pool,
          dreamdust_princess_bridge
D:6:      kennysheep_spiral_hall, layout_loops_corners
D:7:      layout_loops_cross, lemuel_crystal_altar
D:8:      lemuel_ice_statue, layout_gridville, nicolae_gozag_seed_capital,
          minmay_mini_ossuary
D:9:      layout_long_grid, minivault_16, lightli_orcish_oven, uniq_grum
D:10:     layout_irregular_city
D:11:     minmay_the_grid_triangle_9x9_recursive_3
          [minmay_the_grid_triangle_9x9_corruption,
          minmay_the_grid_triangle_9x9_cache,
          minmay_the_grid_triangle_9x9_negative_grid,
          minmay_the_grid_triangle_9x9_prize_center,
          minmay_the_grid_triangle_9x9_warning,
          minmay_the_grid_triangle_9x9_shrine,
          minmay_the_grid_triangle_9x9_flanged_cone,
          minmay_the_grid_triangle_9x9_thin_v,
          minmay_the_grid_triangle_9x9_sparse_checkered], layout_cross
D:12:     nicolae_hitomezashi [nicolae_hito_row, nicolae_hito_row,
          nicolae_hito_row, nicolae_hito_row, nicolae_hito_row,
          nicolae_hito_row, nicolae_hito_row, nicolae_hito_row,
          nicolae_hito_row, nicolae_hito_row, nicolae_hito_row,
          nicolae_hito_row, nicolae_hito_row, nicolae_hito_row,
          nicolae_hito_row, nicolae_hito_row, nicolae_hito_row,
          nicolae_hito_row], layout_basic, gauntlet_entry_generic
D:13:     kennysheep_green_arena, layout_long_grid, uniq_erolcha
D:14:     hellmonk_paralyzer, layout_stronghold,
          hangedman_vaults_entry_quadrant_bands, serial_shops,
          nicolae_shop_industrial_runoff, minmay_holes
D:15:     grunt_enter_depths_snipers, layout_long_grid, fedhas_altar_fruit_tree
Temple:   mainiacjoe_temple_bowtie_tessellation
Lair:1:   layout_layer_cave, nicolae_quartered_pool_little, lemuel_fruit_tree
Lair:2:   layout_roguey, guppyfry_snake_entry_island, uniq_maggie
Lair:3:   layout_gridlike, minmay_shoals_entry_beasts, basic_altar,
          gammafunk_ghost_cemetery
Lair:4:   layout_hall_layers, gammafunk_ghost_abyssal_escape
Lair:5:   hangedman_lair_tendril_chambers, layout_regular_city,
          minmay_slime_entry_jelly_boxes
Shoals:1: layout_shoals, nicolae_shoals_cliffside_cave, uniq_kirke
Shoals:2: layout_shoals, uniq_mlioglotl, uniq_nikola
Shoals:3: layout_shoals, serial_shops, shop, nicolae_shop_back_alley_shop
Orc:1:    layout_caves, biasface_ghost_orc_armoury, portal_ice_cave_entry_imps
Orc:2:    grunt_orc_tribal_feast, layout_caves, uniq_nessos

Skill      XL: |  1  2  3  4  5  6  7  8  9 10 11 12 13 14 15 16 |
---------------+-------------------------------------------------+-----
Fighting       | 1 2 3 5 6 8 9 11 12 13 14 15 | 15.0
Stealth        | 2 3 |  3.0
Short Blades   | 1 2 3 |  3.0
Dodging        | 4 5 6 7 9 10 12 14 15 | 15.0
Evocations     | 5 6 9 12 15 | 15.0
Long Blades    | 1 2 5 6 8 9 10 11 13 14 16 | 16.5

Action                     |  1- 3 |  4- 6 |  7- 9 | 10-12 | 13-15 | 16-18 || total
---------------------------+-------+-------+-------+-------+-------+-------++-------
  Melee: Short sword       |    48 |       |       |       |       |       ||    48
         Club              |     1 |       |       |       |       |       ||     1
         Double sword      |    62 |    91 |   276 |   413 |  1228 |   303 ||  2373
   Fire: Sling             |    15 |    32 |    30 |       |       |       ||    77
         Shortbow          |       |       |    71 |       |       |       ||    71
         Arbalest          |       |       |       |   177 |   103 |       ||   280
  Throw: Dart              |       |       |       |       |     1 |       ||     1
         Throwing net      |       |       |       |       |       |     1 ||     1
 Invoke: Potion Petition   |       |       |       |       |     1 |       ||     1
         Call Merchant     |       |       |       |       |     3 |       ||     3
  Evoke: Wand              |     2 |    12 |     6 |     8 |    28 |     5 ||    61
         Lightning rod     |       |       |       |       |     3 |       ||     3
         Tin of tremorston |       |       |       |       |     2 |     2 ||     4
         Box of beasts     |       |       |       |       |     1 |     1 ||     2
    Use: Scroll            |     2 |     8 |     8 |     5 |    23 |     2 ||    48
         Potion            |     1 |       |     1 |     1 |    14 |     1 ||    18
   Stab: Sleeping          |     9 |     5 |     2 |     2 |    12 |     9 ||    39
         Distracted        |     1 |       |     2 |     6 |    16 |    25 ||    50
         Invisible         |       |       |       |       |     5 |       ||     5
 Armour: Robe              |     9 |     8 |    26 |    30 |     6 |     5 ||    84
         Steam dragon scal |       |       |       |       |   161 |     7 ||   168
  Dodge: Dodged            |    91 |    99 |   335 |   488 |  1768 |   207 ||  2988
         Repelled          |       |       |     1 |     4 |     5 |     3 ||    13
